 Dungeon Crawl Stone Soup version 0.24.0-123-gd5b16e6ec5 (webtiles) character file.

Game seed: 15289347638340206508, levelgen mode: deterministic

42 Emblim88 the Skirmisher (level 3, -6/29 HPs)
             Began as a Demonspawn Abyssal Knight on Jan 6, 2020.
             Was a Follower of Lugonu.
             Mangled by a worm (7 damage)
             ... on level 2 of the Dungeon.
             The game lasted 00:02:07 (967 turns).

Emblim88 the Skirmisher (Demonspawn Abyssal Knight)  Turns: 967, Time: 00:02:08

Health: -6/29      AC: 10    Str: 13    XL:     3   Next: 35%
Magic:  5/5        EV: 11    Int: 13    God:    Lugonu [*.....]
Gold:   86         SH:  0    Dex: 12    Spells: 2/2 levels left

rFire    + . .     SeeInvis .   a - +1 hand axe
rCold    . . .     Gourm    .   (no shield)
rNeg     . . .     Faith    .   b - +0 leather armour
rPois    .         Spirit   .   i - +0 helmet
rElec    .         Reflect  .   (no cloak)
rCorr    .         Harm     .   (no gloves)
MR       .....                  (no boots)
Stlth    +.........             (no amulet)
HPRegen  0.09/turn              (no ring)
MPRegen  0.09/turn              (no ring)

@: sanguine armour
A: fire resistance 1, sanguine armour 1
a: Depart the Abyss, Renounce Religion


You were on level 2 of the Dungeon.
You worshipped Lugonu.
Lugonu was aware of your devotion.
You were not hungry.

You visited 1 branch of the dungeon, and saw 2 of its levels.
You visited the Abyss 1 time.

You collected 86 gold pieces.

Inventory:

Hand Weapons
 a - a +1 hand axe (weapon)
Armour
 b - a +0 leather armour (worn)
 i - a +0 helmet (worn)
Scrolls
 d - a scroll of fear {unknown}
 f - a scroll of noise {unknown}
 h - 2 scrolls of enchant armour {unknown}
 k - a scroll of identify {unknown}
Potions
 e - a potion of haste {unknown}
 g - a potion of ambrosia {unknown}
 j - a potion of mutation {unknown}
 l - a potion of flight {unknown}
Comestibles
 c - 2 rations


   Skills:
 + Level 3.3 Fighting
 + Level 2.2 Axes
 + Level 2.2 Armour
 + Level 1.4 Dodging
 + Level 3.1 Invocations


You had 2 spell levels left.
You didn't know any spells.
Your spell library was empty.

Dungeon Overview and Level Annotations

Branches:
Dungeon (2/15)

Altars:
Trog


Innate Abilities, Weirdness & Mutations

Your flesh is heat resistant. (rF+)
When seriously injured, your bleeding wounds create armour. (AC +6)


Message History

The worm bites you. The rat bites you but does no damage.
You hit the rat.
The rat is almost dead.
You hit the worm but do no damage. The rat misses you. The worm bites you.
The rat bites you but does no damage.
You hit the rat.
You kill the rat!
Lugonu accepts your kill.
You hit the worm. The worm closely misses you.
You hit the worm.
The worm is lightly wounded.
The worm closely misses you.
You slash the worm!
The worm is moderately wounded.
The worm bites you!
* * * LOW HITPOINT WARNING * * *
You hit the worm.
The worm is heavily wounded.
The worm closely misses you. The worm bites you!
You die...

#.##....#
#.##....#
#.......#
###....[# ######
#.....# ###....##
#.#'###
##.......#####.#.#
#....††w..#....#.#
#....#@...##.###'#
#)...###...##.# ..
#)._.#y#......# ..
#....###...####
##....#....#
#)........#
##)......##
###....## ######


You could see a moth of wrath and a worm (berserk).

Vanquished Creatures
  An adder (D:2)
  2 dart slugs
  A leopard gecko (D:1)
  A giant cockroach (D:1)
  A goblin (D:1)
  4 hobgoblins
  3 kobolds (D:1)
  6 bats (D:1)
  2 frilled lizards (D:1)
  7 rats
28 creatures vanquished.

Notes
Turn   | Place    | Note
-------+----------+-------------------------------------------
     0 | Abyss:1  | Emblim88 the Demonspawn Abyssal Knight began the quest for
                  | the Orb.
     0 | Abyss:1  | Reached XP level 1. HP: 18/18 MP: 2/2
    74 | Abyss:1  | Noticed a raiju
    76 | D:1      | Escaped the Abyss
   120 | D:1      | Reached skill level 1 in Dodging
   162 | D:1      | Gained mutation: When seriously injured, your bleeding
                  | wounds create armour. (AC +6) [demonic ancestry]
   162 | D:1      | Reached XP level 2. HP: 22/24 MP: 4/4
   238 | D:1      | Reached * piety under Lugonu
   877 | D:2      | Gained mutation: Your flesh is heat resistant. (rF+)
                  | [demonic ancestry]
   877 | D:2      | Reached XP level 3. HP: 29/29 MP: 5/5
   947 | D:2      | Noticed a moth of wrath
   950 | D:2      | Found a bloodstained altar of Trog.
   966 | D:2      | HP: 1/29 [worm (8)]
   967 | D:2      | Mangled by a worm

Levels and vault maps discovered:
D:1:      minmay_arrival_floating_metal, layout_rooms
D:2:      minmay_diamond_boxcup, layout_basic, kiku_gazebo_garden_becter,
          nicolae_overflow_crystal_walls, overflow_temple_1_default, tgw_trog,
          lightli_temple_of_fire, chequers_ecumenical_altar_simple,
          makhleb_heckhound_becter, uniq_crazy_yiuf_cottage, uniq_jessica,
          uniq_robin

Skill      XL: |  1  2 |
---------------+-------+-----
Dodging        | 1 |  1.4
Armour         | 2 |  2.2
Axes           | 2 |  2.2
Invocations    | 3 |  3.1
Fighting       | |  3.3

Action                   || total
-------------------------++-------
Melee: Hand axe          ||    91
Invok: Depart the Abyss  ||     1
Armor: Leather armour    ||    55
Dodge: Dodged            ||    76
